 Dungeon Crawl Stone Soup version 0.29.1-13-g9f3cf754e1 (webtiles) character file.

Game seed: 6206019600674192765

1829 javelincjr the Magician (level 9, -3/58 HPs)
             Began as a Djinni Conjurer on Feb 6, 2023.
             Was an Initiate of Hepliaklqana.
             Engulfed by a cloud of freezing vapour (20 damage)
             ... on level 6 of the Dungeon on Feb 7, 2023.
             The game lasted 00:29:44 (7896 turns).

javelincjr the Magician (Djinni Conjurer)           Turns: 7896, Time: 00:29:45

Health: -3/58      AC:  2    Str:  8    XL:     9   Next: 32%
Gold:   404        EV: 13    Int: 23    God:    Hepliaklqana [......] SH:  5 Dex: 11

rFire   + . .      SeeInvis .   y - +8 whip "Snakebite" {venom, curare, rPois}
rCold   . . .      Faith    .   (no shield)
rNeg    . . .      Spirit   .   a - +0 robe
rPois   ∞          Reflect  +   (no helmet)
rElec   .          Harm     .   s - scarf {repulsion}
rCorr   .          Rampage  .   (no gloves)
Will    .....                   (boots unavailable)
Stlth   ++........              c - amulet of reflection
HPRegen 0.19/turn               r - ring of ice
MPRegen 0.00/turn               E - +4 ring of slaying

@: flying, repel missiles
A: sickness immunity, fire resistance 2, cold vulnerability 1, float, innate
caster, HP casting, extra vitality 1
a: Renounce Religion


You were on level 6 of the Dungeon.
You worshipped Hepliaklqana.
Hepliaklqana was noncommittal.
You visited 2 branches of the dungeon, and saw 7 of its levels.

You collected 704 gold pieces.
You spent 300 gold pieces at shops.

Inventory:

Hand Weapons
 j - a +0 whip of holy wrath
 y - the +8 whip "Snakebite" (weapon) {venom, curare, rPois}
   (You found it on level 4 of the Dungeon)

   It poisons the flesh of those it strikes.
   It occasionally inflicts asphyxiating poison on those it strikes, dealing
   poison damage and causing slowness.
   rPois:     It protects you from poison.
 B - a +4 quarterstaff of chaos
Missiles
 d - 51 stones
 m - 5 boomerangs
 x - 4 datura-tipped darts
 A - 3 poisoned darts
Armour
 a - a +0 robe (worn)
 k - +0 steam dragon scales
 s - a scarf of repulsion (worn)
Jewellery
 c - an amulet of reflection (around neck)
 r - a ring of ice (left hand)
 E - a +4 ring of slaying (right hand)
Wands
 f - a wand of charming (11)
 q - a wand of roots (4)
Scrolls
 b - a scroll of magic mapping
 e - 2 scrolls of enchant armour
 p - 3 scrolls of blinking
 t - a scroll of brand weapon
 v - a scroll of teleportation
 F - a scroll of amnesia {unknown}
Potions
 g - a potion of haste {unknown}
 h - a potion of might {unknown}
 i - 2 potions of curing {unknown}
 l - 2 potions of mutation {unknown}
 n - 3 potions of heal wounds {unknown}
 o - 2 potions of degeneration {unknown}
 u - a potion of resistance {unknown}
 w - a potion of invisibility {unknown}
 z - 2 potions of flight {unknown}
 C - a potion of magic {unknown}
 D - a potion of attraction {unknown}


   Skills:
 + Level 1.9 Fighting
 + Level 2.8 Maces & Flails
 + Level 3.8 Dodging
 + Level 4.2 Stealth
 + Level 7.8 Spellcasting


You had one spell level left.
You knew the following spells:

 Your Spells              Type           Power      Damage    Failure   Level
a - Magic Dart            Conj           100%       1d8       1%          1
b - Searing Ray           Conj           90%        2d7       1%          2
c - Dazzling Flash        Conj/Hex       90%        N/A       1%          3
d - Fulminant Prism       Conj/Hex       22%        3d13      2%          4
e - Iskenderun's Mystic   Conj/Tloc      45%        2d10      2%          4
f - Necrotise             Necr           100%       1d9       1%          1
g - Scorch                Fire           90%        2d9       1%          2
h - Poisonous Vapours     Pois/Air       90%        N/A       1%          2
i - Vampiric Draining     Necr           45%        2d9       1%          3
Your spell library was empty.

Dungeon Overview and Level Annotations

Branches:
Dungeon (6/15)             Temple (1/1) D:6

Altars:
Ashenzari
Cheibriados
Dithmenos
Elyvilon
Fedhas
Gozag
Hepliaklqana
Makhleb
Nemelex Xobeh
Okawaru
Ru
Trog
Uskayaw
Wu Jian
Xom
Yredelemnul
Zin
The Shining One

Shops:
D:6 *


Innate Abilities, Weirdness & Mutations

You are immune to sickness and miasma.
You are immune to poison.
Your flesh is very heat resistant. (rF++)
You are vulnerable to cold. (rC-)
You float through the air rather than walking.
You learn spells naturally, not from books.
Your magical power is your life essence.
You have superior vitality. (+4 MHP)


Message History

Your fulminant prism explodes!
The blast of energy engulfs Prince Ribbit!
Prince Ribbit is moderately wounded.
The scorpion stings your fulminant prism but does no damage.
The scorpion stings your fulminant prism.
Your fulminant prism crackles loudly.
The scorpion stings your fulminant prism.
Your fulminant prism explodes!
The blast of energy engulfs the scorpion!!
You kill the scorpion!
There is an open door here.
Casting: Fulminant Prism (dangerous; 3% risk of failure)
Confirm with . or Enter, or press ? or * to list all spells.
You erupt in a blast of force!
The mystic blast hits Prince Ribbit!
You kill Prince Ribbit!
Prince Ribbit returns to his original shape as he dies.
You see here the human corpse of Prince Ribbit.
Found 7 stones.
You see here a scorpion corpse.
You now have 404 gold pieces (gained 16).
d - 51 stones (gained 7)
i - 2 fizzy ruby potions (gained 1)
Found an escape hatch in the ceiling.
You see here the human corpse of Prince Ribbit.
There is an open door here.
There is an entrance to Nuxt's Neck Hole here.
There is an open door here.
Partly explored, can't reach some items and places.
You reach down and open the door.
There is an open door here.
Really fly into a travel-excluded area?
You are engulfed in freezing vapours.
You are engulfed in freezing vapours.
* * * LOW HITPOINT WARNING * * *
Okay, then.
Blink to where?
Press: ? - help, Dir - move target
As you read the scroll of blinking, it crumbles to dust.
You are engulfed in freezing vapours.
You die...

#.........#.#...#
####...............#########
#............#...#.........#
#..........#.##..##.######.#
#..........#.###.##.# #<#
#..........#.# #.##.# ###
########.....###....##
#################'###
.§§§§§§§§○○○○○○@○..##
.####################
.○○.○○○§§§§§§§:/?$?##
#####################
#####################


There were no monsters in sight!

Vanquished Creatures
  Prince Ribbit (D:6)
  Sigmund (D:6)
  A steam dragon (D:6)
  Edmund (D:6)
  A water moccasin (D:6)
  A black bear (D:4)
  An ice beast (D:6)
  2 ogres (D:6)
  2 scorpions
  A necrophage (D:5)
  A howler monkey (D:6)
  3 hounds
  3 orc priests (D:5)
  Crazy Yiuf (D:4)
  3 iguanas
  A gnoll bouda (D:5)
  An orc wizard (D:4)
  5 gnolls (D:5)
  6 adders
  A shadow imp (D:5)
  A white imp (D:6)
  2 ufetubi (D:4)
  3 worms (D:2)
  3 dart slugs
  8 orcs
  6 ball pythons
  9 endoplasms
  A giant cockroach (D:1)
  9 hobgoblins
  A jackal (D:4)
  7 kobolds
  3 quokkas
  7 bats
  5 frilled lizards
  6 goblins
  9 rats
117 creatures vanquished.

Vanquished Creatures (others)
  A white imp (D:6)
  11 fulminant prisms
12 creatures vanquished.

Grand Total: 129 creatures vanquished

Notes
Turn   | Place    | Note
-------+----------+-------------------------------------------
     0 | D:1      | javelincjr the Djinni Conjurer began the quest for the Orb.
     0 | D:1      | javelincjr set off with the following spells memorised:
                  | Magic Dart, Searing Ray, Dazzling Flash, Fulminant Prism,
                  | Iskenderun's Mystic Blast.
     0 | D:1      | Reached XP level 1. HP: 15/15 MP: 0/0
   384 | D:1      | Reached XP level 2. HP: 19/21 MP: 0/0
   829 | D:1      | Reached XP level 3. HP: 22/25 MP: 0/0
   829 | D:1      | Learned a level 1 spell: Necrotise
  1496 | D:2      | Reached skill level 4 in Spellcasting
  1703 | D:2      | Reached XP level 4. HP: 21/31 MP: 0/0
  2257 | D:2      | Found a faded altar of an unknown god.
  2466 | D:2      | Reached XP level 5. HP: 32/35 MP: 0/0
  2466 | D:2      | Learned a level 2 spell: Scorch
  3520 | D:3      | Found a hide-covered altar of Uskayaw.
  3579 | D:4      | Found a sacrificial altar of Ru.
  3966 | D:4      | Noticed a black bear
  4022 | D:4      | Killed a black bear
  4023 | D:4      | Reached skill level 5 in Spellcasting
  4023 | D:4      | Reached XP level 6. HP: 10/40 MP: 0/0
  4314 | D:4      | Found the +8 whip "Snakebite" {venom, curare, rPois}
  4947 | D:4      | Found a runed translucent door.
  4948 | D:4      | Noticed Crazy Yiuf
  4954 | D:4      | Killed Crazy Yiuf
  5056 | D:5      | Entered Level 5 of the Dungeon
  5149 | D:5      | Reached XP level 7. HP: 37/45 MP: 0/0
  5149 | D:5      | Learned a level 2 spell: Poisonous Vapours
  5744 | D:5      | Reached skill level 6 in Spellcasting
  6152 | D:5      | Found a basalt altar of Yredelemnul.
  6152 | D:5      | Found a broken altar of Ashenzari.
  6153 | D:5      | Found a bloodstained altar of Trog.
  6420 | D:5      | Reached skill level 1 in Maces & Flails
  6420 | D:5      | Reached XP level 8. HP: 48/51 MP: 0/0
  6454 | D:6      | Noticed Prince Ribbit
  6522 | D:6      | Found a staircase to the Ecumenical Temple.
  6530 | Temple   | Entered the Ecumenical Temple
  6555 | Temple   | Became a worshipper of Hepliaklqana the Forgotten
  6766 | D:6      | Noticed Edmund
  6772 | D:6      | Killed Edmund
  6773 | D:6      | Reached skill level 1 in Fighting
  7246 | D:6      | Found Nuxt's Neck Hole.
  7314 | D:6      | Identified a scroll of acquirement
  7315 | D:6      | Acquired 358 gold pieces
  7317 | D:6      | Bought an amulet of reflection for 300 gold pieces
  7447 | D:6      | Reached skill level 7 in Spellcasting
  7452 | D:6      | Noticed Sigmund
  7469 | D:6      | Killed Sigmund
  7470 | D:6      | Reached XP level 9. HP: 39/58 MP: 0/0
  7470 | D:6      | Learned a level 3 spell: Vampiric Draining
  7673 | D:6      | Killed Prince Ribbit
  7896 | D:6      | Engulfed by a cloud of freezing vapour

Illustrated notes

Levels and vault maps discovered:
D:1:      dpeg_arrival_radiant, layout_basic, nicolae_figureground_sparkle
D:2:      layout_basic, hellmonk_ecumenical_altar_blasted, minmay_cut_off
D:3:      layout_loops_ring, lemuel_tele_altar
D:4:      layout_basic, nicolae_ru_great_annihilating_truth, serial_bayou,
          serial_bayou_pond_c, serial_bayou_pond_e, serial_bayou_pond_d,
          serial_bayou_shore_a, minmay_misc_feat_iff, st_stairs_12,
          uniq_crazy_yiuf_cottage
D:5:      layout_basic, chequers_temple_overflow_statue_of_worship,
          minmay_misc_feat_pillars
D:6:      lemuel_ice_spiral_2, layout_basic, minmay_temple_entry_grid,
          nicolae_shop_sticking_my_neck_out, uniq_sigmund, uniq_prince_ribbit1,
          uniq_edmund
Temple:   lightli_temple_of_artemis

Skill      XL: |  1  2  3  4  5  6  7  8 |
---------------+-------------------------+-----
Spellcasting   | 4 5 6 7 |  7.8
Stealth        | 2 3 4 |  4.2
Dodging        | 3 |  3.8
Maces & Flails | 1 2 |  2.8
Fighting       | 1 |  1.9

Action                   |  1- 3 |  4- 6 |  7- 9 || total
-------------------------+-------+-------+-------++-------
Melee: Short sword       |     1 |       |       ||     1
       Whip              |     1 |    20 |    17 ||    38
 Cast: Magic Dart        |    64 |    83 |     8 ||   155
       Searing Ray       |       |    11 |    11 ||    22
       Scorch            |       |     6 |     9 ||    15
       Fulminant Prism   |       |     4 |     7 ||    11
       Poisonous Vapours |       |       |    20 ||    20
       Necrotise         |       |       |     5 ||     5
       Iskenderun's Myst |       |       |     1 ||     1
  Use: Scroll            |       |       |    11 ||    11
 Stab: Sleeping          |       |     2 |     1 ||     3
Armor: Robe              |     1 |     4 |     1 ||     6
Dodge: Dodged            |     7 |    36 |    16 ||    59
       Repelled          |       |       |     1 ||     1
